 Dungeon Crawl Stone Soup version 0.21.1-1-g345015f (webtiles) character file.

87 empire the Shield-Bearer (level 4, 0/39 HPs)
             Began as a Minotaur Fighter on Apr 25, 2018.
             Slain by a goblin (1 damage)
             ... led by Robin
             ... on level 2 of the Dungeon.
             The game lasted 00:02:35 (1107 turns).

empire the Shield-Bearer (Minotaur Fighter)         Turns: 1107, Time: 00:02:36

Health: 0/39       AC:  8    Str: 24 (27) XL:     4   Next: 28%
Magic:  3/3        EV:  8    Int:  7 (10) God:
Gold:   50         SH:  9    Dex:  7 (9)  Spells: 3/3 levels left

rFire    . . .     SeeInvis .   a - +0 long sword
rCold    . . .     Gourm    .   c - +0 shield
rNeg     . . .     Faith    .   b - +0 scale mail
rPois    .         Spirit   .   (helmet restricted)
rElec    .         Reflect  .   (no cloak)
rCorr    .         Harm     .   h - +0 pair of gloves
MR       .....                  (no boots)
Stlth    ..........             (no amulet)
HPRegen  0.13/turn              (no ring)
MPRegen  0.08/turn              (no ring)

@: mighty, brilliant
A: retaliatory headbutt, horns 2
a: no special abilities


You were on level 2 of the Dungeon.
You were not hungry.

You visited 1 branch of the dungeon, and saw 2 of its levels.

You collected 50 gold pieces.

Inventory:

Hand Weapons
 a - a +0 long sword (weapon)
Armour
 b - a +0 scale mail (worn)
 c - a +0 shield (worn)
 h - a +0 pair of gloves (worn)
Jewellery
 i - an uncursed ring of ice
Wands
 m - a wand of scattershot (6)
Scrolls
 e - a scroll of remove curse {unknown}
 g - a scroll of teleportation {unknown}
 l - a scroll of random uselessness {unknown}
 n - a scroll of enchant weapon {unknown}
Potions
 d - 2 potions of might
Comestibles
 f - a ration


   Skills:
 - Level 3.6 Fighting
 * Level 4.0 Long Blades
 + Level 4.2 Armour
 + Level 1.7 Dodging
 + Level 4.2 Shields


You had 3 spell levels left.
You didn't know any spells.

Dungeon Overview and Level Annotations

Branches:
Dungeon (2/15)

Altars:
Qazlal
Yredelemnul


Innate Abilities, Weirdness & Mutations

You reflexively headbutt those who attack you in melee.
You have a pair of horns on your head.


Message History

It was a potion of brilliance.
You feel clever all of a sudden. The goblin hits you.
* * * LOW HITPOINT WARNING * * *
The goblin hits you but does no damage. You block the goblin's attack.
You feel very mighty all of a sudden.
The hobgoblin no longer looks unusually strong.
The hobgoblin barely misses you. You furiously retaliate!
You headbutt the hobgoblin!
You kill the hobgoblin!
The goblin closely misses you. You block the goblin's attack.
The goblin barely misses you.
You slash the goblin!
You kill the goblin!
The goblin hits you.
* * * LOW HITPOINT WARNING * * *
You block the goblin's attack.
Unknown command.
You miss the goblin. The goblin hits you.
You die...

##................#######
#................. ####
#......######..... ....
#......# ..... .###
#......# ... #<. #......#
#.# #......# #.#.#
#......######... #.#.#
#......)@)...... #.#.#
##.....gg)...... #.#.#
##............. #.#..
##............ #.#<#
##..........# #.#.†
##........#######.#..
##########.......#..
........†###.#
.......†.....#


You could see 2 goblins.

Vanquished Creatures
  Robin (D:2)
  An adder (D:2)
  A worm (D:2)
  3 dart slugs (D:1)
  2 leopard geckos (D:2)
  2 giant cockroaches (D:2)
  9 goblins
  10 hobgoblins
  5 kobolds
  A quokka (D:2)
  A ball python (D:1)
  8 bats
  3 frilled lizards
  5 rats (D:1)
52 creatures vanquished.

Notes
Turn   | Place    | Note
-------+----------+-------------------------------------------
     0 | D:1      | empire the Minotaur Fighter began the quest for the Orb.
     0 | D:1      | Reached XP level 1. HP: 19/19 MP: 0/0
    81 | D:1      | Reached XP level 2. HP: 10/26 MP: 1/1
   420 | D:1      | Reached skill level 1 in Dodging
   551 | D:1      | Reached XP level 3. HP: 30/31 MP: 2/2
   928 | D:2      | Found a stormy altar of Qazlal.
   987 | D:2      | Found a basalt altar of Yredelemnul.
  1087 | D:2      | Noticed Robin
  1095 | D:2      | Killed Robin
  1095 | D:2      | Reached XP level 4. HP: 16/39 MP: 3/3
  1106 | D:2      | HP: 1/39 [goblin[Robin] (3)]
  1107 | D:2      | Slain by a goblin

Skill      XL: |  1  2  3  4 |
---------------+-------------+-----
Long Blades    | 3 4 |  4.0
Dodging        | 1 |  1.7
Shields        | 4 |  4.2
Armour         | 4 |  4.2
Fighting       | |  3.6

Action                   |  1- 3 |  4- 6 || total
-------------------------+-------+-------++-------
Melee: Long sword        |   101 |     9 ||   110
       Headbutt          |    13 |     3 ||    16
  Use: Potion            |       |     3 ||     3
  Eat: Chunk             |     1 |       ||     1
Armor: Scale mail        |    55 |    15 ||    70
Dodge: Dodged            |    42 |    13 ||    55
Block: Shield            |    65 |    19 ||    84
       Rpst.: Long sword |     9 |     6 ||    15
